 Dungeon Crawl Stone Soup version 0.31-a0-845-g9abc20d24f (console) character file.

Game seed: 6143691750715562576

6519 extragnoll the Merchant of Misery (level 11, -5/81 HPs)
             Began as a Gnoll Necromancer on Oct 2, 2023.
             Was a Believer of Kikubaaqudgha.
             Slain by a cane toad (19 damage)
             ... on level 1 of the Lair of Beasts.
             The game lasted 00:33:02 (11426 turns).

extragnoll the Merchant of Misery (GnNe)           Turns: 11426, Time: 00:33:03

Health: -5/81      AC:  4    Str:  8    XL:     11   Next: 0%
Magic:  13/31      EV: 15    Int: 15    God:    Kikubaaqudgha [**....]
Gold:   661        SH:  0    Dex: 16    Spells: 14/25 levels left

rFire   . . .        a - +2 short sword (elec)
rCold   + . .        (no shield)
rNeg    . . .        u - +0 troll leather armour
rPois   +            d - +1 hat
rElec   .            (no cloak)
rCorr   .            (no gloves)
SInv    .            (no boots)
Will    .....        j - amulet of faith
Stlth   +++          l - ring of magical power
HPRegen 1.13/turn    F - ring "Paeg" {rPois rC+}
MPRegen 0.22/turn

%: faith
@: lethally poisoned (-5 -> -8)
A: fangs 1, strong nose, distributed training
a: Renounce Religion, Unearth Wretches


You were on level 1 of the Lair of Beasts.
You worshipped Kikubaaqudgha.
Kikubaaqudgha was pleased with you.
You visited 3 branches of the dungeon, and saw 12 of its levels.

You collected 677 gold pieces.
You spent 16 gold pieces at shops.

Inventory:

Hand Weapons
 a - a +2 short sword of electrocution (weapon)
 A - a +1 whip of freezing
Missiles
 f - 5 atropa-tipped darts
 t - 19 poisoned darts
 D - 5 curare-tipped darts
Armour
 d - a +1 hat (worn)
 u - a +0 troll leather armour (worn)
 y - the +12 plate armour of Voudoicw {rElec rN+}
   (You found it on level 6 of the Dungeon)

   rElec:     It insulates you from electricity.
   rN+:       It protects you from negative energy.
Jewellery
 j - an amulet of faith (around neck)
 k - an amulet of guardian spirit
 l - a ring of magical power (left hand)
 B - a ring of willpower
 F - the ring "Paeg" (right hand) {rPois rC+}
   (You found it on level 9 of the Dungeon)

   [ring of poison resistance]

   rC+:       It protects you from cold.
   rPois:     It protects you from poison
 H - a ring of resist corrosion
Wands
 h - a wand of flame (8)
 i - a wand of charming (1)
 p - a wand of acid (10)
 E - a wand of polymorph (2)
Scrolls
 n - 2 scrolls of vulnerability
 o - a scroll of fog {unknown}
 q - 4 scrolls of enchant weapon
 r - 2 scrolls of teleportation
 v - a scroll of butterflies {unknown}
 x - 3 scrolls of amnesia
 C - a scroll of immolation {unknown}
 G - a scroll of silence {unknown}
Potions
 b - 3 potions of magic
 c - 2 potions of haste
 e - 3 potions of lignification
 g - a potion of curing
 m - a potion of cancellation
 s - a potion of ambrosia
 w - 2 potions of mutation
 z - a potion of heal wounds
Miscellaneous
 I - a condenser vane


   Skills:
 + Level 5.9 Fighting
 + Level 5.9 Short Blades
 + Level 5.9 Long Blades
 + Level 5.9 Axes
 + Level 5.9 Maces & Flails
 + Level 5.9 Polearms
 + Level 5.9 Staves
 + Level 5.9 Ranged Weapons
 + Level 5.9 Throwing
 + Level 5.9 Armour
 + Level 7.5 Dodging
 + Level 7.3 Stealth
 + Level 5.9 Shields
 + Level 5.9 Unarmed Combat
 + Level 7.8 Spellcasting
 + Level 4.9 Conjurations
 + Level 4.9 Hexes
 + Level 4.9 Summonings
 + Level 8.7 Necromancy
 + Level 4.9 Translocations
 + Level 4.9 Transmutations
 + Level 4.9 Fire Magic
 + Level 4.9 Ice Magic
 + Level 4.9 Air Magic
 + Level 4.9 Earth Magic
 + Level 4.9 Poison Magic
 + Level 6.5 Invocations
 + Level 5.9 Evocations
 + Level 5.4 Shapeshifting


You had 14 spell levels left.
You knew the following spells:

 Your Spells              Type           Power      Damage    Failure   Level
a - Necrotise             Necr           100%       1d9       1%          1
b - Vampiric Draining     Necr           32%        2d8       1%          3
c - Tukima's Dance        Hex            20%        N/A       7%          3
d - Animate Dead          Necr           32%        N/A       4%          4

Your spell library contained the following spells:

 Spells                   Type           Power      Damage    Failure   Level
 Kiss of Death            Conj/Necr      100%       2d13      1%          1
 Sublimation of Blood     Necr           32%        N/A       1%          2
 Apportation              Tloc           40%        N/A       2%          1
 Summon Small Mammal      Summ           80%        N/A       2%          1
 Call Canine Familiar     Summ           20%        N/A       7%          3
 Sigil of Binding         Hex            20%        N/A       7%          3
 Agony                    Necr           32%        N/A       13%         5
 Dimensional Bullseye     Hex/Tloc       10%        N/A       22%         4
 Iskenderun's Mystic Bla  Conj/Tloc      20%        2d6       22%         4
 Leda's Liquefaction      Hex/Erth       10%        N/A       22%         4
 Lee's Rapid Deconstruct  Erth           10%        3d8*      52%         5
 Bombard                  Conj/Erth      10%        9d2       98%         6


Dungeon Overview and Level Annotations

Branches:
Dungeon (10/15)            Temple (1/1) D:7            Lair (1/5) D:9
    Orc: D:9-12

Altars:
Ashenzari
Cheibriados
Dithmenos
Elyvilon
Fedhas
Gozag
Kikubaaqudgha
Nemelex Xobeh
Okawaru
Qazlal
Trog
Uskayaw
Vehumet
Wu Jian
Xom
Yredelemnul
The Shining One

Shops:
D:2 :   D:8 *

Annotations:
D:5 exclusions: ogre and phantom
D:6 1 runed translucent door
D:10 Nergalle
Lair:1 exclusions: catoblepas and oklob plant


Innate Abilities, Weirdness & Mutations

You have very sharp teeth.
Your uncanny sense of smell can sniff out nearby items.
Your experience applies equally to all skills.


Message History

Confirm with . or Enter, or press ? or * to list all spells.
Aiming: Vampiric Draining (safe; 1% risk of failure)
Press: ? - help, Shift-Dir - straight line, f - cane toad
Aim: a cane toad You draw life force from the cane toad!
You feel life coursing into your body. The cane toad stings you!!
You are poisoned.
The cane toad poisons you! The cane toad barely misses you.
Casting: Vampiric Draining (safe; 1% risk of failure)
Confirm with . or Enter, or press ? or * to list all spells.
Aiming: Vampiric Draining (safe; 1% risk of failure)
Press: ? - help, Shift-Dir - straight line, f/p - cane toad
Aim: a cane toad (moderately wounded)
You draw life force from the cane toad!
You feel life coursing into your body.
You feel very sick. The cane toad stings you!
* * * LOW HITPOINT WARNING * * *
Casting: Vampiric Draining (safe; 1% risk of failure)
Confirm with . or Enter, or press ? or * to list all spells.
Aiming: Vampiric Draining (safe; 1% risk of failure)
Press: ? - help, Shift-Dir - straight line, f/p - cane toad
Aim: a cane toad (heavily wounded)
You draw life force from the cane toad!
You feel life coursing into your body.
You feel very sick. The cane toad stings you!!
* * * LOW HITPOINT WARNING * * *
You feel much better.
You feel very sick.
The cane toad stings you but does no damage.
Okay, then.
Casting: Vampiric Draining (safe; 1% risk of failure)
Confirm with . or Enter, or press ? or * to list all spells.
Aiming: Vampiric Draining (safe; 1% risk of failure)
Press: ? - help, Shift-Dir - straight line, f/p - cane toad
Aim: a cane toad (severely wounded)
You draw life force from the cane toad!
You feel life coursing into your body.
You feel very sick. The cane toad stings you!!
You die...
Kikubaaqudgha rasps: "You have failed me!
Welcome... death!"

#.# ### #.##
#..## ###
#.#.####.#######
............##.##
..#########.....#
..# ##.##.# ..#
####.#### ..#
#.@F.# ..# ####.#
..# #..## ..#
#...## ..###
#....##
#.#P#########
#.....#
............#
#.F..##
#.#.######.##
#..... #.### ###
#.....#


You could see a cane toad.

Vanquished Creatures
  A black mamba (Lair:1)
  2 cane toads (Lair:1)
  2 komodo dragons (Lair:1)
  2 trolls
  2 wyverns (Lair:1)
  A basilisk (Lair:1)
  7 yaks
  4 water moccasins
  Duvessa (D:6)
  A black bear (D:6)
  An orc warrior (D:9)
  3 ice beasts
  A centaur (D:8)
  4 kobold brigands
  6 bullfrogs
  A gnoll sergeant (D:6)
  2 scorpions
  3 wights (D:7)
  Dowan (D:7)
  8 howler monkeys
  5 hounds
  2 jellies
  4 orc priests
  2 iguanas
  6 orc wizards
  7 gnolls
  9 adders
  2 white imps
  A worm (D:3)
  2 dart slugs
  15 orcs
  6 ball pythons
  3 bats
  10 endoplasms
  4 giant cockroaches
  9 goblins
  4 hobgoblins
  6 jackals
  2 quokkas
  3 frilled lizards
  A goblin zombie (D:6)
  20 kobolds
  6 rats
182 creatures vanquished.

Vanquished Creatures (collateral kills)
  A wight (D:7)
  An orc priest (D:3)
  A gnoll (D:4)
  4 orcs
7 creatures vanquished.

Vanquished Creatures (others)
  3 dancing weapons (D:7)
  An ogre (D:6)
4 creatures vanquished.

Grand Total: 193 creatures vanquished

Notes
Turn   | Place    | Note
-------+----------+-------------------------------------------
     0 | D:1      | extragnoll the Gnoll Necromancer began the quest for the
                  | Orb.
     0 | D:1      | Reached XP level 1. HP: 13/13 MP: 6/6
   203 | D:1      | Reached XP level 2. HP: 19/19 MP: 4/7
   657 | D:1      | Reached XP level 3. HP: 25/25 MP: 7/9
   666 | D:1      | Learned a level 3 spell: Vampiric Draining
   692 | D:1      | Reached skill level 5 in Spellcasting
  1268 | D:1      | Reached skill level 1 in Invocations
  1402 | D:2      | Found Reuxzy's Book Boutique.
  1505 | D:2      | Reached skill level 1 in Fighting
  1505 | D:2      | Reached skill level 1 in Short Blades
  1505 | D:2      | Reached skill level 1 in Long Blades
  1505 | D:2      | Reached skill level 1 in Axes
  1505 | D:2      | Reached skill level 1 in Maces & Flails
  1505 | D:2      | Reached skill level 1 in Polearms
  1505 | D:2      | Reached skill level 1 in Staves
  1505 | D:2      | Reached skill level 1 in Ranged Weapons
  1505 | D:2      | Reached skill level 1 in Throwing
  1505 | D:2      | Reached skill level 1 in Armour
  1505 | D:2      | Reached skill level 1 in Shields
  1505 | D:2      | Reached skill level 1 in Unarmed Combat
  1505 | D:2      | Reached skill level 1 in Evocations
  2001 | D:3      | Reached XP level 4. HP: 32/32 MP: 9/11
  2021 | D:3      | Reached skill level 1 in Shapeshifting
  2096 | D:3      | Reached skill level 1 in Conjurations
  2096 | D:3      | Reached skill level 1 in Hexes
  2096 | D:3      | Reached skill level 1 in Summonings
  2096 | D:3      | Reached skill level 1 in Translocations
  2096 | D:3      | Reached skill level 1 in Transmutations
  2096 | D:3      | Reached skill level 1 in Fire Magic
  2096 | D:3      | Reached skill level 1 in Ice Magic
  2096 | D:3      | Reached skill level 1 in Air Magic
  2096 | D:3      | Reached skill level 1 in Earth Magic
  2096 | D:3      | Reached skill level 1 in Poison Magic
  2309 | D:2      | Reached XP level 5. HP: 29/37 MP: 6/12
  3023 | D:3      | Found a faded altar of an unknown god.
  3374 | D:4      | Reached XP level 6. HP: 44/44 MP: 9/13
  3634 | D:4      | Reached skill level 5 in Dodging
  3819 | D:4      | Found a snail-covered altar of Cheibriados.
  4060 | D:5      | Entered Level 5 of the Dungeon
  4322 | D:5      | Reached XP level 7. HP: 50/50 MP: 15/15
  4890 | D:6      | Reached skill level 5 in Stealth
  5295 | D:6      | Found a runed translucent door.
  5295 | D:6      | Noticed a human
  5302 | D:6      | Reached XP level 8. HP: 52/57 MP: 16/16
  5346 | D:6      | Found a basalt altar of Yredelemnul.
  5411 | D:6      | Found a broken altar of Ashenzari.
  5527 | D:6      | Identified the +12 plate armour of Voudoicw {rElec rN+}
  6032 | D:7      | Found a staircase to the Ecumenical Temple.
  6137 | D:6      | Learned a level 3 spell: Tukima's Dance
  6816 | D:7      | Noticed Duvessa
  6921 | D:7      | Noticed Dowan
  6934 | D:7      | Killed Dowan
  6990 | D:7      | Reached XP level 9. HP: 59/65 MP: 14/18
  7063 | D:6      | Killed Duvessa
  7078 | Temple   | Entered the Ecumenical Temple
  7094 | Temple   | Became a worshipper of Kikubaaqudgha
  7320 | D:7      | Learned a level 4 spell: Animate Dead
  7456 | D:8      | Found a white marble altar of Elyvilon.
  7556 | D:8      | Reached skill level 8 in Necromancy
  7875 | D:8      | Found Omemoowk's CLEARANCE SALE!.
  7883 | D:8      | Bought a scroll of amnesia for 16 gold pieces
  8248 | D:9      | Found a staircase to the Lair.
  8300 | D:9      | Identified the ring "Paeg" {rPois rC+}
  8399 | D:9      | Reached * piety under Kikubaaqudgha
  8399 | D:9      | Received a gift from Kikubaaqudgha
  8847 | D:9      | Reached skill level 5 in Invocations
  9196 | D:9      | Noticed a troll
  9441 | D:9      | Killed a troll
  9560 | D:8      | Reached XP level 10. HP: 52/73 MP: 14/20
  9702 | D:8      | Reached skill level 5 in Fighting
  9702 | D:8      | Reached skill level 5 in Short Blades
  9702 | D:8      | Reached skill level 5 in Long Blades
  9702 | D:8      | Reached skill level 5 in Axes
  9702 | D:8      | Reached skill level 5 in Maces & Flails
  9702 | D:8      | Reached skill level 5 in Polearms
  9702 | D:8      | Reached skill level 5 in Staves
  9702 | D:8      | Reached skill level 5 in Ranged Weapons
  9702 | D:8      | Reached skill level 5 in Throwing
  9702 | D:8      | Reached skill level 5 in Armour
  9702 | D:8      | Reached skill level 5 in Shields
  9702 | D:8      | Reached skill level 5 in Unarmed Combat
  9702 | D:8      | Reached skill level 5 in Evocations
  9852 | D:10     | Entered Level 10 of the Dungeon
 10248 | D:10     | Noticed Nergalle
 10290 | Lair:1   | Entered Level 1 of the Lair of Beasts
 10333 | Lair:1   | Noticed an oklob plant
 10470 | Lair:1   | Found a glowing golden altar of the Shining One.
 10530 | Lair:1   | Noticed a black mamba
 10540 | Lair:1   | Killed a black mamba
 10540 | Lair:1   | Reached ** piety under Kikubaaqudgha
 10541 | Lair:1   | Reached skill level 5 in Shapeshifting
 10633 | Lair:1   | Noticed a catoblepas
 10648 | Lair:1   | Noticed a cane toad
 10657 | Lair:1   | Killed a cane toad
 11404 | Lair:1   | Noticed a cane toad
 11406 | Lair:1   | Noticed a cane toad
 11421 | Lair:1   | Killed a cane toad
 11422 | Lair:1   | Reached XP level 11. HP: 46/81 MP: 22/22
 11424 | Lair:1   | HP: 1/81 [cane toad (19)]
 11426 | Lair:1   | Slain by a cane toad

Illustrated notes

Levels and vault maps discovered:
D:1:      orjb1_clovarrival, layout_loops_corners, hangedman_decor_points
D:2:      layout_basic, serial_shops, nicolae_book_shop_shelving
D:3:      layout_basic, shapermc_ecumenical_altar_mp_ritualfount
D:4:      layout_basic, chei_slow_surprise, serial_corexii_hall,
          chequers_hall_statues_y, chequers_hall_statues_wall_a,
          amcnicky_mini_pool_small
D:5:      layout_cave_pools, serial_glass, glass_columns_a, glass_columns_a,
          glass_columns_a, glass_columns_c, glass_columns_a, glass_columns_a,
          minmay_strange_pillars, feat_on_display,
          hangedman_abyss_or_decor_jellyfish_corner
D:6:      layout_gridville, mainiacjoe_overflow_alcove_2, dk_yredelemnul_ordeal
D:7:      layout_rooms, minmay_temple_entry_drinking_statues, uniq_duvessa
D:8:      layout_loops_corners, mainiacjoe_overflow_boulevard,
          nicolae_shop_clearance
D:9:      layout_gridville, dpeg_oklobed_lair
D:10:     layout_rooms, chequers_temple_overflow_minitemple,
          dreamdust_wishing_well, mrwooster_statue_mirror, uniq_nergalle
Temple:   compressed_dpeg_triangle_lava_temple
Lair:1:   minmay_lair_oklob_tunnel, layout_small_grid, basic_altar

Skill      XL: |  1  2  3  4  5  6  7  8  9 10 |
---------------+-------------------------------+-----
Spellcasting   | 5 6 7 |  7.8
Invocations    | 1 2 3 4 5 6 |  6.5
Fighting       | 1 2 3 4 5 |  5.9
Short Blades   | 1 2 3 4 5 |  5.9
Long Blades    | 1 2 3 4 5 |  5.9
Axes           | 1 2 3 4 5 |  5.9
Maces & Flails | 1 2 3 4 5 |  5.9
Polearms       | 1 2 3 4 5 |  5.9
Staves         | 1 2 3 4 5 |  5.9
Ranged Weapons | 1 2 3 4 5 |  5.9
Throwing       | 1 2 3 4 5 |  5.9
Armour         | 1 2 3 4 5 |  5.9
Shields        | 1 2 3 4 5 |  5.9
Unarmed Combat | 1 2 3 4 5 |  5.9
Evocations     | 1 2 3 4 5 |  5.9
Shapeshifting  | 1 2 3 4 5 |  5.4
Conjurations   | 1 2 3 4 |  4.9
Hexes          | 1 2 3 4 |  4.9
Summonings     | 1 2 3 4 |  4.9
Translocations | 1 2 3 4 |  4.9
Transmutations | 1 2 3 4 |  4.9
Fire Magic     | 1 2 3 4 |  4.9
Ice Magic      | 1 2 3 4 |  4.9
Air Magic      | 1 2 3 4 |  4.9
Earth Magic    | 1 2 3 4 |  4.9
Poison Magic   | 1 2 3 4 |  4.9
Dodging        | 5 6 7 |  7.5
Stealth        | 5 6 7 |  7.3
Necromancy     | 8 |  8.7

Action                     |  1- 3 |  4- 6 |  7- 9 | 10-12 || total
---------------------------+-------+-------+-------+-------++-------
  Melee: Falchion          |    12 |    10 |       |       ||    22
         Bite              |     1 |     2 |    20 |    22 ||    45
         Whip              |       |       |    44 |       ||    44
         Short sword       |       |       |   120 |   129 ||   249
         Punch             |       |       |     1 |     6 ||     7
  Throw: Dart              |       |       |     2 |       ||     2
   Cast: Necrotise         |    78 |    97 |   131 |    23 ||   329
         Vampiric Draining |       |     1 |    28 |    29 ||    58
         Tukima's Dance    |       |       |    11 |       ||    11
  Evoke: Wand              |       |       |     4 |       ||     4
    Use: Scroll            |       |     5 |     8 |     1 ||    14
         Potion            |       |       |       |     1 ||     1
   Stab: Sleeping          |       |       |     4 |     4 ||     8
 Armour: Robe              |     7 |    10 |   131 |    13 ||   161
         Troll leather arm |       |       |       |    52 ||    52
  Dodge: Dodged            |    13 |    18 |   144 |    69 ||   244

Table legend: (Time is in decaauts)
 A = Elapsed time spent in this place.
 B = Non-inter-level travel time spent in this place.
 C = Inter-level travel time spent in this place.
 D = Time resting spent in this place.
 E = Time spent auto-exploring this place.
 F = Levels seen in this place.
 G = Mean time per level.
                   A        B        C        D        E       F      G
               +--------+--------+--------+--------+--------+-----+--------+
         Total |  11393 |  10687 |    706 |   2472 |   6071 |  12 |  949.4 |
       Dungeon |  10251 |   9597 |    654 |   2318 |   5347 |  10 | 1025.1 |
        Temple |     32 |      2 |     30 |      0 |      0 |   1 |   32.0 |
          Lair |   1109 |   1088 |     21 |    154 |    724 |   1 | 1109.0 |
               +--------+--------+--------+--------+--------+-----+--------+

Top non-repeatable levels by time:
     D:9: 1723 daAuts
     D:6: 1444 daAuts
     D:1: 1402 daAuts
  Lair:1: 1109 daAuts
     D:3: 1076 daAuts
     D:5: 969 daAuts
     D:8: 912 daAuts
     D:2: 838 daAuts
     D:7: 808 daAuts
     D:4: 764 daAuts
    D:10: 310 daAuts
  Temple: 32 daAuts
